Map: Bridgehead LE (Void)

Players

nevermind

  • Race: Terran Terran
  • League: Grandmaster

CunningStunt - Winner!

  • Race: Protoss Protoss
  • League: Gold

VOD

Have the link to the VOD?

Description

Time

  • Played on: Sept. 11, 2015, 10:29 a.m.
  • Length: 18:19
Show
View Real Time Build Order
Export as new Build Order

nevermind Terran 

Build Orders: MMM Bio 

Get SALT Encoding   

  12  0:01  SCV  
  13  0:13  SCV  
  14  0:18  Supply Depot  
  14  0:25  SCV  
  15  0:39  SCV  
  15  0:41  Barracks  
  16  0:52  SCV  
  17  1:00  Refinery  
  17  1:04  SCV  
  18  1:16  SCV  
  19  1:28  SCV  
  20  1:36  Barracks  
  20  1:44  Orbital Command  
  20  1:47  Supply Depot  
  20  1:48  Marine  
  22  2:14  Supply Depot  
  21  2:15  SCV  
  21  2:16  Barracks Reactor  
  21  2:21  Bunker  
  22  2:25  Barracks Tech Lab  
  22  2:32  SCV  
  22  2:34  Engineering Bay  
  23  2:39  Command Center  
  23  2:44  SCV  
  24  2:51  Marauder  
  26  2:52  Marine x2  
  26  2:56  Stimpack  
  29  2:58  SCV  
  29  3:06  Barracks  
  29  3:10  Marine  
  29  3:11  Marine  
  29  3:12  Marauder  
  33  3:19  SCV  
  34  3:28  Marine  
  34  3:29  Marine  
  34  3:33  Supply Depot, Marine  
  37  3:37  Missile Turret  
  37  3:45  SCV  
  38  3:51  Marine  
  38  3:52  Marauder  
  38  3:53  Missile Turret, Marine  
  38  3:55  Barracks Reactor  
  42  3:59  Orbital Command  
  42  4:13  SCV  
  43  4:19  Marauder, Marine x2  
  43  4:23  Supply Depot  
  47  4:25  SCV  
  47  4:29  Supply Depot  
  48  4:41  Factory  
  48  4:44  SCV, Supply Depot  
  48  4:45  Marauder, Marine  
  52  4:48  Marine  
  52  4:49  Marine x2  
  53  5:04  Sensor Tower  
  53  5:08  SCV x2  
  53  5:11  Marauder  
  53  5:13  Marine x4  
  61  5:19  Supply Depot  
  61  5:20  SCV x2  
  63  5:33  Missile Turret, Marauder  
  65  5:36  SCV x2  
  67  5:53  Marine x3  
  67  5:54  Marauder, Missile Turret, Marine  
  73  6:11  Marine x4  
  73  6:16  Marauder  
  73  6:17  Command Center, Supply Depot  
  79  6:20  Terran Infantry Weapons Level 1  
  79  6:24  Refinery  
  79  6:25  SCV x2  
  81  6:26  Refinery  
  81  6:28  Refinery  
  81  6:37  SCV x2, Widow Mine  
  83  6:49  SCV  
  63  7:09  Marine x5  
  57  7:26  Marine x3  
  57  7:27  Marine x2  
  62  7:30  Barracks  
  62  7:32  Barracks  
  62  7:35  Barracks  
  62  7:36  Barracks, Orbital Command  
  62  7:39  Barracks, Concussive Shells  
  62  7:44  Marine x4  
  62  7:45  Marine  
  67  7:59  Orbital Command  
  67  8:19  Starport  
  67  8:20  Bunker, Factory Reactor  
  67  8:23  Barracks  
  67  8:25  Terran Infantry Armor Level 1  
  67  8:29  Combat Shields  
  67  8:31  Marauder  
  67  8:32  Barracks Reactor x2  
  67  8:33  Barracks Tech Lab x2  
  69  8:35  Barracks Reactor  
  69  8:36  Marine x4  
  73  8:43  Missile Turret  
  73  8:52  Marauder  
  73  8:53  Engineering Bay  
  73  8:54  Marine x4  
  79  8:58  Armory  
  79  9:09  Starport  
  79  9:12  Marine  
  79  9:13  Medivac x2  
  79  9:14  Marauder  
  86  9:24  SCV x2  
  86  9:25  SCV  
  86  9:27  Marauder, Marine x6  
  86  9:28  Marine x4  
  86  9:29  Marine  
  102  9:34  Marine  
  102  9:36  SCV x2  
  102  9:37  SCV  
  106  9:42  Supply Depot  
  106  9:44  Supply Depot  
  106  9:45  Marine x3  
  108  9:46  Supply Depot  
  108  9:49  Supply Depot  
  109  9:52  Starport Reactor  
  109  9:56  Terran Ship Weapons Level 1  
  109  10:03  Medivac x2, Marine x4  
  109  10:05  Marine x7  
  109  10:06  SCV  
  125  10:08  SCV x2  
  125  10:13  Marine x2  
  129  10:21  Marine x4  
  129  10:22  Terran Infantry Weapons Level 2  
  129  10:23  Marine x4  
  137  10:47  Hellbat  
  139  10:50  Marine x2  
  141  10:59  Supply Depot  
  141  11:00  Supply Depot x2  
  141  11:01  Supply Depot  
  141  11:08  Refinery  
  141  11:16  Supply Depot  
  141  11:20  Marine x8  
  141  11:21  SCV x3, Marine x5  
  155  11:33  SCV x3  
  155  11:39  Marine x2  
  160  11:45  SCV x3  
  163  11:53  Medivac x4  
  170  12:05  Marine x2  
  170  12:06  Marine x9  
  181  12:11  Supply Depot  
  181  12:14  Supply Depot  
  181  12:18  Supply Depot x2  
  181  12:32  Refinery, Marine x8  
  181  12:35  Medivac x4  
  197  12:37  Terran Infantry Armor Level 2  
  197  13:05  Medivac x2  
  173  13:16  Marine x3  
  173  13:17  Marine x10  
  100  13:34  Marine x6  
  100  13:35  Marine x7  
  113  13:42  Factory  
  113  13:44  Factory  
  113  13:47  Factory  
  113  13:48  Factory  
  112  13:49  Factory  
  112  13:51  Factory  
  112  13:52  Marine x7  
  112  13:53  Marine x6  
  113  14:10  Marine  
  69  14:38  Widow Mine x5  
  51  15:06  Widow Mine x2  
  51  15:07  Widow Mine x3  
  54  16:01  Command Center  
  54  16:05  Starport Reactor  
  54  16:07  Starport Tech Lab  
  54  16:09  Starport Tech Lab  
  54  16:27  Supply Depot  
  54  16:29  Supply Depot  
  54  16:33  Supply Depot  
  54  16:35  Supply Depot  
  54  16:48  Widow Mine x4  
  54  16:50  Widow Mine  
  50  17:07  Banshee x2  
  56  17:16  Widow Mine x3  
Show
View Real Time Build Order
Export as new Build Order

CunningStunt Protoss - Winner!

Build Orders: 1 Gate Expand, 2 Adept MSC, Adept Opening, Core after Nexus, Core then 2xGas, Oracle Opening, Oracle Opening, Void Ray Opening, Carriers 

Get SALT Encoding   

  12  0:00  Probe (Chrono Boost)  
  13  0:10  Probe (Chrono Boost)  
  14  0:20  Pylon  
  14  0:22  Probe (Chrono Boost)  
  15  0:38  Probe (Chrono Boost)  
  15  0:39  Gateway  
  16  0:48  Probe (Chrono Boost)  
  17  0:58  Probe (Chrono Boost)  
  18  1:24  Nexus  
  18  1:30  Cybernetics Core  
  18  1:34  Assimilator  
  18  1:36  Probe (Chrono Boost)  
  18  1:39  Assimilator  
  19  1:46  Probe (Chrono Boost)  
  20  1:52  Pylon  
  20  1:56  Probe (Chrono Boost)  
  21  2:06  Probe (Chrono Boost)  
  23  2:24  Mothership Core (Chrono Boost)  
  23  2:27  Adept  
  26  2:36  Probe (Chrono Boost)  
  27  2:42  Probe (Chrono Boost)  
  27  2:44  Pylon  
  28  2:46  Probe (Chrono Boost)  
  29  2:57  Probe x2 (Chrono Boost)  
  31  2:59  Stargate  
  31  3:07  Probe x2 (Chrono Boost), Pylon  
  33  3:13  Warp Gate  
  33  3:17  Probe x2 (Chrono Boost)  
  35  3:24  Assimilator  
  35  3:27  Probe (Chrono Boost)  
  35  3:28  Probe (Chrono Boost)  
  35  3:32  Pylon  
  37  3:37  Probe (Chrono Boost)  
  37  3:38  Probe (Chrono Boost)  
  39  3:42  Oracle  
  39  3:47  Probe (Chrono Boost)  
  43  3:52  Probe (Chrono Boost)  
  43  3:55  Adept  
  46  3:57  Probe (Chrono Boost)  
  46  4:02  Probe (Chrono Boost)  
  48  4:07  Probe (Chrono Boost), Stargate  
  49  4:11  Pylon  
  49  4:12  Probe (Chrono Boost)  
  50  4:18  Probe (Chrono Boost)  
  50  4:23  Probe (Chrono Boost)  
  52  4:28  Probe (Chrono Boost)  
  52  4:30  Assimilator  
  53  4:37  Probe (Chrono Boost)  
  53  4:38  Probe (Chrono Boost)  
  55  4:47  Probe (Chrono Boost)  
  56  5:00  Probe x2 (Chrono Boost)  
  56  5:04  Nexus  
  56  5:05  Pylon  
  58  5:07  Pylon  
  58  5:09  Pylon  
  58  5:10  Probe x2 (Chrono Boost)  
  58  5:13  Assimilator  
  60  5:18  Assimilator  
  60  5:19  Gateway  
  60  5:20  Gateway, Probe (Chrono Boost)  
  61  5:23  Gateway  
  61  5:24  Gateway  
  61  5:26  Probe (Chrono Boost)  
  61  5:27  Pylon  
  62  5:28  Stargate  
  62  5:30  Probe (Chrono Boost)  
  63  5:38  Void Ray  
  63  5:41  Void Ray  
  71  5:47  Probe x2 (Chrono Boost)  
  73  5:57  Probe x2 (Chrono Boost)  
  73  6:03  Twilight Council  
  75  6:05  Pylon  
  75  6:07  Probe x2 (Chrono Boost)  
  77  6:17  Probe x2 (Chrono Boost)  
  79  6:22  Void Ray  
  79  6:23  Fleet Beacon  
  83  6:26  Void Ray  
  87  6:35  Probe x3 (Chrono Boost)  
  90  6:45  Probe x3 (Chrono Boost)  
  93  6:49  Zealot x3  
  93  6:50  Zealot  
  83  7:10  Carrier x2 (Chrono Boost)  
  81  7:20  Carrier (Chrono Boost)  
  81  7:26  Mothership Core (Chrono Boost)  
  83  7:30  Pylon  
  83  7:32  Pylon  
  83  7:33  Pylon  
  83  7:35  Pylon  
  83  7:37  Pylon, Charge  
  101  7:48  Graviton Catapult  
  101  7:50  Protoss Air Weapons Level 1 (Chrono Boost)  
  101  7:59  Cybernetics Core  
  101  8:02  Probe, Pylon  
  101  8:04  Probe x2  
  104  8:08  Carrier x2 (Chrono Boost)  
  104  8:16  Nexus  
  104  8:19  Pylon  
  104  8:21  Pylon  
  104  8:23  Pylon  
  104  8:27  Carrier (Chrono Boost)  
  122  8:56  Carrier (Chrono Boost)  
  122  8:58  Carrier (Chrono Boost)  
  122  9:11  Gateway  
  122  9:13  Gateway  
  122  9:15  Gateway  
  122  9:17  Gateway, Forge, Probe  
  122  9:18  Forge  
  122  9:19  Probe x2  
  122  9:22  Carrier (Chrono Boost)  
  122  9:23  Pylon  
  137  9:35  Protoss Air Armor Level 1 (Chrono Boost)  
  137  9:43  Carrier  
  143  9:45  Carrier  
  140  10:04  Protoss Shields Level 1  
  140  10:07  Assimilator  
  140  10:10  Probe, Assimilator  
  140  10:12  Probe x3, Pylon  
  144  10:14  Pylon  
  144  10:16  Pylon  
  144  10:18  Protoss Ground Weapons Level 1  
  156  10:23  Carrier  
  156  10:36  Carrier  
  162  10:51  Carrier  
  162  10:53  Probe, Protoss Air Weapons Level 2 (Chrono Boost)  
  163  11:01  Zealot  
  163  11:02  Zealot x7  
  163  11:03  Zealot  
  193  11:28  Carrier  
  193  11:30  Carrier  
  185  11:56  Anion Pulse-Crystals  
  185  12:07  Zealot x4  
  199  12:15  Protoss Air Armor Level 2 (Chrono Boost)  
  199  12:25  Carrier  
  199  12:34  Nexus  
  199  12:38  Pylon, Carrier  
  199  12:39  Pylon  
  199  12:41  Pylon  
  198  12:44  Pylon x2  
  198  12:45  Carrier, Robotics Facility  
  198  12:47  Robotics Facility  
  198  12:50  Pylon x2  
  178  12:53  Mothership Core, Pylon  
  165  13:19  Carrier  
  159  13:36  Nexus  
  159  13:40  Pylon  
  159  13:41  Probe x3  
  159  13:42  Carrier  
  159  13:44  Assimilator  
  162  13:53  Probe  
  169  14:06  Protoss Air Weapons Level 3 (Chrono Boost)  
  175  14:18  Carrier x2  
  175  14:30  Assimilator  
  169  14:33  Assimilator  
  169  14:35  Protoss Air Armor Level 3 (Chrono Boost)  
  181  15:00  Probe  
  181  15:01  Probe  
  181  15:02  Probe x2  
  181  15:03  Probe  
  186  15:16  Gateway  
  186  15:17  Gateway  
  186  15:20  Gateway  
  186  15:29  Observer  
  186  15:30  Observer  
  188  16:00  Nexus  
  194  16:05  Pylon  
  194  16:08  Pylon  
  194  16:23  Observer x2  
  196  16:27  Zealot x2  
  200  16:47  Forge  
  200  16:51  Forge  
  200  17:13  Robotics Bay  
  200  17:15  Pylon  
  196  18:06  Photon Cannon  
  196  18:09  Photon Cannon x2  
  196  18:12  Photon Cannon  
  196  18:19  Photon Cannon  
Tags
 
Add a new tag
Caveats
  • Supply blocks, unpowered buildings, or Contaminate may cause inaccurate times.
  • Supply counts are checked every 10 seconds.